 Dungeon Crawl Stone Soup version 0.17-a0-2118-g63bad21 (webtiles) character file.

1333 septik the Basher (level 8, 0/106 HPs)
             Began as a Minotaur Berserker on Oct 20, 2015.
             Was an Elder of Trog.
             Slain by a centaur (1 damage)
             ... on level 5 of the Dungeon.
             The game lasted 00:13:26 (4718 turns).

septik the Basher (Minotaur Berserker)              Turns: 4718, Time: 00:13:26

Health: 0/106      AC:  8    Str: 28    XL:     8   Next: 34%
Magic:  7/7        EV:  9    Int:  4    God:    Trog [****..]
Gold:   221        SH:  0    Dex: 11    Spells: 0 memorised, 7 levels left

rFire  . . .     SeeInvis .     C - +2 flail (drain)
rCold  . . .     Clarity  .     D - +0 chain mail
rNeg   . . .     SustAt   +     (no shield)
rPois  .         Gourm    +     (helmet restricted)
rElec  .         Spirit   .     (no cloak)
rCorr  .         Warding  .     (no gloves)
rMut   .         Stasis   .     (no boots)
MR     .....                    a - amulet of the gourmand
Stlth  ..........               (no ring)
                                l - ring of sustain attributes

@: berserking, very quick, not resistant to hostile enchantments, extremely
unstealthy
A: retaliatory headbutt, horns 2
a: Berserk, Trog's Hand, Brothers in Arms, Burn Spellbooks, Renounce Religion


You were on level 5 of the Dungeon.
You worshipped Trog.
Trog was greatly pleased with you.
You were not hungry.

You visited 1 branch of the dungeon, and saw 5 of its levels.

You collected 221 gold pieces.

Inventory:

Hand Weapons
 C - a +2 flail of draining (weapon)
 E - a +3 hunting sling of velocity
Missiles
 d - 99 stones (quivered)
 p - 8 silver tomahawks
Armour
 D - a +0 chain mail (worn)
Jewellery
 a - an amulet of the gourmand (around neck)
 e - an uncursed amulet of guardian spirit
 l - a ring of sustain attributes (left hand)
 u - an uncursed amulet of rage
Scrolls
 m - 2 scrolls of identify {unknown}
 n - a scroll of fog {unknown}
 r - a scroll of random uselessness {unknown}
 s - 4 scrolls of immolation {unknown}
 t - 2 scrolls of fear {unknown}
 v - a scroll of teleportation {unknown}
 x - 2 scrolls of blinking {unknown}
 y - a scroll of amnesia {unknown}
 F - a scroll of enchant armour {unknown}
Potions
 b - a potion of brilliance {unknown}
 f - a potion of agility {unknown}
 g - 3 potions of curing {unknown}
 h - a potion of lignification {unknown}
 i - a potion of mutation {unknown}
 q - a potion of resistance {unknown}
 w - a potion of magic {unknown}
 z - a potion of cancellation {unknown}
Comestibles
 c - 2 bread rations
 j - 6 fruits
 k - a beef jerky
 o - a slice of pizza
 A - a royal jelly
 B - 2 chunks of flesh


   Skills:
 + Level 6.5 Fighting
 * Level 11.3 Maces & Flails
 - Level 2.4 Armour
 - Level 2.1 Dodging


You had 7 spell levels left.
You didn't know any spells.

Dungeon Overview and Level Annotations

Branches:
Dungeon (5/15)
 Temple: D:4-7

Altars:
Makhleb
Yredelemnul


Innate Abilities, Weirdness & Mutations

You reflexively headbutt those who attack you in melee.
You have a pair of horns on your head.


Message History

The quokka zombie barely misses you.
The centaur shoots an arrow.
The arrow hits you!
* * * LOW HITPOINT WARNING * * *
The arrow burns you.
* * * LOW HITPOINT WARNING * * *
Use which ability?
A red film seems to cover your vision as you go berserk!
You feel yourself moving faster!
You feel mighty!
You feel somewhat more hungry.
The centaur shoots an arrow.
The arrow barely misses you.
The centaur shoots an arrow.
The arrow hits you!
* * * LOW HITPOINT WARNING * * *
The arrow burns you.
* * * LOW HITPOINT WARNING * * *
The quokka zombie bites you.
* * * LOW HITPOINT WARNING * * *
The centaur shoots an arrow.
The arrow hits you but does no damage.
You feel a strong urge to attack something.
The centaur unwields an uncursed shortbow of flaming.
It stops flaming.
The centaur hits you.
You die...

#####..........#
#.........[....#
#..............#
#.....##########
#.#.....# ...
........# ....
#..####.# .....
.. ##(##...... .
#.Z@c......
#...c.....#
#.........#
#.........#
#...?.....#
..........#
..#.####....
..... ..[.


You could see 2 centaurs and a quokka zombie.

Vanquished Creatures
  The ghost of Duffy the Cleaver, an amateur HOFi of Cheibriados (D:3)
  Prince Ribbit (D:5)
  Edmund (D:4)
  Duvessa (D:4)
  6 killer bees (D:3)
  Dowan (D:4)
  A scorpion (D:5)
  2 orc priests
  2 hounds
  An iguana (D:4)
  An orc wizard (D:4)
  8 adders
  A shadow imp (D:5)
  An ooze (D:2)
  An adder skeleton (D:5)
  3 worms
  2 giant geckos (D:2)
  12 orcs
  A ball python (D:2)
  8 bats
  5 giant cockroaches
  8 goblins
  8 hobgoblins
  9 jackals (D:2)
  3 quokkas
  3 giant newts
  4 kobolds
  8 rats
103 creatures vanquished.

Notes
Turn   | Place    | Note
--------------------------------------------------------------
     0 | D:1      | septik the Minotaur Berserker began the quest for the Orb.
     0 | D:1      | Reached XP level 1. HP: 19/19 MP: 0/0
    13 | D:1      | Reached skill level 4 in Maces & Flails
   257 | D:1      | Reached XP level 2. HP: 26/26 MP: 1/1
  1007 | D:2      | Reached skill level 5 in Maces & Flails
  1072 | D:2      | Reached ** piety under Trog
  1076 | D:2      | Reached XP level 3. HP: 25/31 MP: 2/2
  1849 | D:2      | Reached XP level 4. HP: 36/39 MP: 3/3
  1857 | D:2      | Reached skill level 6 in Maces & Flails
  2078 | D:2      | Found a basalt altar of Yredelemnul.
  2231 | D:2      | Reached *** piety under Trog
  2656 | D:3      | Noticed Duffy's ghost (amateur HOFi)
  2663 | D:3      | Killed Duffy's ghost
  2663 | D:3      | Reached skill level 8 in Maces & Flails
  2663 | D:3      | Reached XP level 5. HP: 28/45 MP: 2/4
  2663 | D:3      | Reached XP level 6. HP: 31/51 MP: 2/5
  3306 | D:3      | Reached skill level 9 in Maces & Flails
  3310 | D:3      | Reached XP level 7. HP: 60/60 MP: 6/6
  3683 | D:4      | Noticed Duvessa
  3702 | D:4      | Noticed Dowan
  3722 | D:4      | Killed Dowan
  3723 | D:4      | Killed Duvessa
  3723 | D:4      | Reached skill level 5 in Fighting
  3723 | D:4      | Reached skill level 10 in Maces & Flails
  3777 | D:4      | Found a burning altar of Makhleb.
  3787 | D:4      | Noticed Edmund
  3801 | D:4      | Killed Edmund
  4075 | D:4      | Reached **** piety under Trog
  4075 | D:4      | Reached XP level 8. HP: 55/70 MP: 7/7
  4420 | D:5      | Entered Level 5 of the Dungeon
  4424 | D:5      | Noticed Prince Ribbit
  4435 | D:5      | Killed Prince Ribbit
  4435 | D:5      | Reached skill level 11 in Maces & Flails
  4717 | D:5      | HP: 2/106 [centaur/arrow (4)]
  4718 | D:5      | Slain by a centaur

Vault maps used:
D:1:      minmay_arrival_shoal_huts, serial_corexii_hall,
          corexii_hall_statues_i, corexii_hall_statues_s,
          corexii_hall_statues_deadend, lemuel_another_geyser
D:2:      forest_paths, yredelemnul_altar_generic
D:4:      lemuel_doored_altar, uniq_duvessa, uniq_edmund
D:5:      kennysheep_mini_moat, first_bread, uniq_prince_ribbit1

Action                   |  1- 3 |  4- 6 |  7- 9 || total
-------------------------+-------+-------+-------++-------
Melee: Mace              |    82 |    32 |       ||   114
       Whip              |       |    59 |    34 ||    93
       Flail             |       |       |    49 ||    49
Invok: Berserk           |     1 |     3 |     5 ||     9
  Eat: Chunk             |     4 |     6 |    10 ||    20
       Bread ration      |       |       |     1 ||     1
